 Dungeon Crawl Stone Soup version 0.22.0-27-ga576289 (webtiles) character file.

371 leisz the Cudgeler (level 6, -2/84 HPs)
             Began as a Minotaur Berserker on Aug 21, 2018.
             Was a Believer of Trog.
             Slain by a killer bee (3 damage)
             ... on level 4 of the Dungeon.
             The game lasted 00:09:36 (2241 turns).

leisz the Cudgeler (Minotaur Berserker)             Turns: 2241, Time: 00:09:37

Health: -2/84      AC:  7    Str: 34    XL:     6   Next: 42%
Magic:  9/14       EV: 13    Int:  4    God:    Trog [**....]
Gold:   85         SH:  0    Dex:  9    Spells: 5/5 levels left

rFire    . . .     SeeInvis .   a - +0 mace
rCold    . . .     Gourm    .   (no shield)
rNeg     . . .     Faith    .   d - +0 ring mail (curse)
rPois    .         Spirit   .   (helmet restricted)
rElec    .         Reflect  .   (no cloak)
rCorr    .         Harm     .   (no gloves)
MR       ++...                  s - +0 pair of boots
Stlth    ..........             (no amulet)
HPRegen  1.24/turn              j - +5 ring of strength
MPRegen  0.14/turn              t - ring of magical power

@: berserking, lethally poisoned (-2 -> -2), regenerating, very quick
A: retaliatory headbutt, horns 2
a: Berserk, Trog's Hand, Renounce Religion


You were on level 4 of the Dungeon.
You worshipped Trog.
Trog was pleased with you.
You were hungry.

You visited 1 branch of the dungeon, and saw 4 of its levels.

You collected 85 gold pieces.

Inventory:

Hand Weapons
 a - a +0 mace (weapon)
Missiles
 g - 128 stones (quivered)
 i - a throwing net
Armour
 b - a +0 animal skin
 d - a cursed +0 ring mail (worn)
 s - a +0 pair of boots (worn)
Jewellery
 j - a +5 ring of strength (left hand)
 t - a ring of magical power (right hand)
Scrolls
 e - a scroll of remove curse {unknown}
 l - a scroll of identify {unknown}
 m - 3 scrolls of immolation {unknown}
 n - a scroll of enchant armour {unknown}
 o - a scroll of blinking {unknown}
 r - a scroll of noise {unknown}
 u - a scroll of fog {unknown}
 x - a scroll of teleportation {unknown}
Potions
 f - 2 potions of mutation {unknown}
 h - a potion of resistance {unknown}
 k - 2 potions of agility {unknown}
 q - a potion of ambrosia {unknown}
 v - a potion of curing {unknown}
 w - a potion of lignification {unknown}
Comestibles
 c - 5 rations
 p - 9 chunks of flesh


   Skills:
 + Level 5.4 Fighting
 + Level 5.4 Maces & Flails
 + Level 4.5 Armour
 + Level 4.2 Dodging


You had 5 spell levels left.
You didn't know any spells.
Your spell library was empty.

Dungeon Overview and Level Annotations

Branches:
Dungeon (4/15)
 Temple: D:4-7

Altars:
Elyvilon
Qazlal

Annotations:
D:3 Terence


Innate Abilities, Weirdness & Mutations

You reflexively headbutt those who attack you in melee.
You have a pair of horns on your head.


Message History

You are more poisoned.
The killer bee poisons you!
The worker ant bites you but does no damage.
The quokka misses you. You furiously retaliate!
You headbutt the quokka!!
You kill the quokka!
Trog accepts your kill. The killer bee stings you.
* * * LOW HITPOINT WARNING * * *
You barely miss the worker ant.
You feel sick. The killer bee barely misses you.
The killer bee completely misses you.
The worker ant bites you but does no damage.
The killer bee misses you. You furiously retaliate!
You headbutt the killer bee!!
You kill the killer bee!
Trog accepts your kill.
You thump the worker ant!
You kill the worker ant!
Trog accepts your kill.
You feel sick. The killer bee misses you. The killer bee stings you.
You die...

########
##......##
#........##
..........#
..........#
..........#
......yZ..#
....a..@..#
#.....†††##
..........#
..?.........
...........#.
..(........#
..
............
.
#.......!(...


You could see a worker ant, a killer bee and a howler monkey skeleton.

Vanquished Creatures
  Sigmund (D:2)
  2 killer bees (D:4)
  A worker ant (D:4)
  An adder (D:2)
  4 oozes
  2 worms
  3 dart slugs
  2 leopard geckos (D:1)
  3 bats
  5 giant cockroaches (D:1)
  6 goblins
  4 hobgoblins
  7 jackals
  2 quokkas
  2 ball pythons
  5 frilled lizards
  7 kobolds
  11 rats
68 creatures vanquished.

Vanquished Creatures (others)
  An ooze (D:3)
  A kobold (D:3)
2 creatures vanquished.

Grand Total: 70 creatures vanquished

Notes
Turn   | Place    | Note
-------+----------+-------------------------------------------
     0 | D:1      | leisz the Minotaur Berserker began the quest for the Orb.
     0 | D:1      | Reached XP level 1. HP: 19/19 MP: 0/0
     3 | D:1      | Found a runed door.
    21 | D:1      | Reached XP level 2. HP: 24/27 MP: 1/1
   345 | D:1      | Reached XP level 3. HP: 33/33 MP: 2/2
   486 | D:1      | Reached ** piety under Trog
   962 | D:2      | Noticed Sigmund
  1132 | D:2      | HP: 1/34 [Sigmund/puff of flame (4)]
  1133 | D:2      | Killed Sigmund
  1133 | D:2      | Reached skill level 5 in Fighting
  1133 | D:2      | Reached skill level 5 in Maces & Flails
  1133 | D:2      | Reached XP level 4. HP: 1/42 MP: 3/3
  1133 | D:2      | Reached XP level 5. HP: 2/48 MP: 4/4
  1680 | D:2      | Found a white marble altar of Elyvilon.
  2164 | D:3      | Reached *** piety under Trog
  2211 | D:3      | Found a stormy altar of Qazlal.
  2231 | D:3      | Noticed Terence
  2238 | D:4      | Reached XP level 6. HP: 21/56 MP: 5/5
  2239 | D:4      | HP: 4/84 [killer bee (2)]
  2239 | D:4      | HP: 1/84 [killer bee (3)]
  2241 | D:4      | Slain by a killer bee

Skill      XL: |  1  2  3  4  5 |
---------------+----------------+-----
Fighting       | 4 5 |  5.4
Maces & Flails | 4 5 |  5.4
Armour         | 3 4 |  4.5
Dodging        | 3 4 |  4.2

Action                   |  1- 3 |  4- 6 || total
-------------------------+-------+-------++-------
Melee: Mace              |    90 |    49 ||   139
       Headbutt          |    15 |     7 ||    22
Throw: Stone             |     1 |    15 ||    16
Invok: Trog's Hand       |       |     1 ||     1
       Berserk           |       |     1 ||     1
  Eat: Ration            |       |     1 ||     1
       Chunk             |       |     1 ||     1
Armor: Animal skin       |     5 |       ||     5
       Ring mail         |    14 |    29 ||    43
Dodge: Dodged            |    53 |    40 ||    93
